Unix NetHack Version 5.0.0-0 post-release - last build May 23 2026 06:08:33 (1c0ff79ee797540d5714e4e18072db0edd9e58ae,branch:main).

Game began 2026-05-25 03:00:18, ended 2026-05-25 21:02:50.

Corncycle, chaotic male human Rogue

                          --------------
                   #######.            |             BB
                   #      |            |              B
                ####                   |
                #           ------------
          #######
          #
          #                ------                       -------------.-------
       ---.----          ##..P`..#########[############ |..<................|
      |       .########### |....|                     # |...................|
      |       |            ----.-                     ##....................|
      -------.-                #                        |...................|
             #                 #                        ---------------------
             #                 #
             #                 #
             ########          #
                   -.--        #                                    T
                   |  |        #################
                   |  .#####G#                 #
                   |  |      G####################################
                   ----
Corncycle the Green Slime  St:16 Dx:17 Co:18 In:11 Wi:11 Ch:10  Chaotic
Dlvl:16 $:0  HP:0(24) Pw:46(46) AC:6  HD:6 T:18789  Slime Stressed Blind

Latest messages:
 The Olog-hai bites!
 You hear a nearby zap.
 The bolt of cold hits you!
 But it reflects from your medallion!
 The bolt of cold bounces!
 The bolt of cold hits you!
 But it reflects from your medallion!
 What do you want to write with? [- afimprA-DFKOSTZ or ?*]
 You write in the dust with your fingertip.
 Your limbs are getting oozy.
 Something is written here in the dust.
 You read: "Elbereth".
 You see no objects here.
 #
 Are you sure you want to pray? [yn] (n)
 You begin praying to Kos.
 The fire giant turns to flee.
 The master mind flayer turns to flee.
 The Olog-hai turns to flee.
 Your skin begins to peel away.
 The green slime turns to flee.
 You finish your prayer.
 The voice of Kos booms out: 
 "Thou art arrogant, mortal."
 "Thou must relearn thy lessons!"
 You feel foolish!
 Goodbye level 12.
 You are turning into a green slime.
 You climb up the stairs.
 What do you want to take off? [cgxNU or ?*]
 You have become a green slime.
 You turn into a green slime!
 You break out of your armor!
 The clasp on your cloak breaks open!
 You tremble under your heavy load.  Movement is very hard.
 Your shirt rips to shreds!
 You drop your gloves!
 The pair of leather gloves hits another object.
 You rebalance your load.  Movement is still difficult.
 You can no longer hold your shield!
 The wooden shield hits other objects and falls down the stairs.
 Your helm falls to the stairs!
 The dwarvish iron helm hits other objects and falls down the stairs.
 From the impact, the other objects fall.
 Your boots are pushed off your feet!
 Do you want your possessions identified? [ynq] (y)
 Do you want to see your attributes? [ynq] (y)
 Do you want an account of creatures vanquished? [ynaq] (y)
 Do you want to see your conduct and achievements? [ynq] (y)
 Do you want to see the dungeon overview? [ynq] (y)

Inventory:
 Amulets  ('"')
  n - an uncursed amulet of reflection (being worn)
 Weapons  (')')
  K - a +1 dagger
  B - 9 +0 daggers (at the ready)
  a - a blessed +1 elven dagger
  T - 2 +0 elven daggers
  i - a +0 silver saber
 Armor    ('[')
  H - an uncursed +0 pair of jumping boots
  l - a blessed +0 pair of water walking boots
  q - a blessed +0 leather cloak
 Comestibles  ('%')
  j - an uncursed tin of sauteed giant rat meat
  k - an uncursed lizard corpse
 Rings    ('=')
  Z - an uncursed ring of protection from shape changers (on right grasp)
  C - an uncursed ring of regeneration (on left grasp)
 Wands    ('/')
  m - a wand of cold (0:1)
  D - a wand of cold (0:0)
  O - a wand of light (0:8)
  f - a wand of lightning (0:0)
  r - a wand of magic missile (0:6)
  A - a wand of sleep (0:7)
  p - a wand of teleportation (0:5)
  F - a wand of undead turning (0:7)
 Tools    ('(')
  P - an empty uncursed sack
  h - a blessed horn of plenty (0:14)
  t - an uncursed blindfold
  z - a cursed brass lantern
  W - an uncursed lock pick
  S - a magic marker named uncharged (1:42)
  R - an uncursed magic whistle named cursed
  e - an uncursed skeleton key
  y - an uncursed stethoscope

Corncycle the Rogue's attributes:

Background:
 You were in green slime form.
 You were actually a Pilferer, a level 11 male human Rogue.
 You were chaotic, on a mission for Kos
 who was opposed by Issek (lawful) and Mog (neutral).
 You were normally left-handed.
 You were in the Dungeons of Doom, on level 16, a primitive area.
 You entered the dungeon 18789 turns ago.

Basics:
 You had 0 out of 24 hit points.
 You had all 46 energy points (spell power).
 You had 6 hit dice.
 Your armor class was 6.
 Your wallet was empty.
 Autopickup was on for '.' plus thrown.

Final Characteristics:
 Your strength was 16.
 Your dexterity was 17.
 Your constitution was 18.
 Your intelligence was 11.
 Your wisdom was 11.
 Your charisma was 10.

Final Status:
 You were transformed.
 You turned into slime.
 You were innately blind.
 You weren't hungry.
 You were stressed; movement was moderately slowed.
 You weren't wielding anything.
 You were unskilled in bare handed combat.
 You weren't wearing any armor.

Final Attributes:
 You were piously aligned.
 You were fire resistant.
 You were cold resistant.
 You were shock resistant.
 You were poison resistant.
 You were acid resistant.
 You were petrification resistant.
 You were telepathic.
 You had automatic searching.
 You were stealthy.
 You could survive without air.
 You regenerated.
 You were protected from shape changers.
 You had reflection.
 You were unlucky.
 Kos was angry with you.
 You are dead.

Miscellaneous:
 You encountered 2 bones levels.
 Total elapsed playing time was 4 hours, 42 minutes and 3 seconds.

Major events:
 Turn
    1: Corncycle the chaotic male human Rogue entered the dungeon
  950: attained the rank of Cutpurse (level 3)
 1264: entered the Gnomish Mines
 2548: entered Sokoban
 3192: attained the rank of Rogue (level 6)
 4104: reached Mine Town
 8436: completed 1st Sokoban level
 9191: completed 2nd Sokoban level
 9532: completed 3rd Sokoban level
10800: completed 4th Sokoban level
11437: attained the rank of Pilferer (level 10)
11512: acquired the Sokoban amulet of reflection
12959: entered the Bigroom
18789: turned to slime by a green slime

You didn't know any spells.

Skills:
 Fighting Skills
   bare handed combat [Unskilled]
   two weapon combat  [Unskilled]
   riding             [Unskilled]
 Weapon Skills
   dagger             [Expert]
   knife              [Unskilled]
   short sword        [Basic]
   broadsword         [Unskilled]
   long sword         [Unskilled]
   two-handed sword   [Unskilled]
   saber              [Unskilled]
   club               [Unskilled]
   mace               [Unskilled]
   morning star       [Unskilled]
   flail              [Unskilled]
   hammer             [Unskilled]
   polearms           [Unskilled]
   spear              [Unskilled]
   crossbow           [Unskilled]
   dart               [Unskilled]
   shuriken           [Unskilled]
 Spellcasting Skills
   divination spells  [Unskilled]
   escape spells      [Unskilled]
   matter spells      [Unskilled]

Voluntary challenges:
 Character rerolling was not enabled.
 You never genocided any monsters.
 You never polymorphed an object.
 You used no wishes.
 You violated the special Sokoban rules thrice.
Achievements:
 You entered a shop.
 You attained the rank of Cutpurse.
 You entered the Gnomish Mines.
 You entered Sokoban.
 You attained the rank of Rogue.
 You entered Minetown.
 You entered a temple.
 You attained the rank of Pilferer.
 You completed Sokoban.
 You entered the Big Room.

 The Dungeons of Doom: levels 1 to 17
    Level 1:
       Many trees.
    Level 2:
       A potion shop, an altar.
    Level 3:
       A general store, a grave.
    Level 4:
       Stairs down to The Gnomish Mines.
    Level 5: "stash"
       A sink.
    Level 6:
    Level 7:
       Many fountains.
       Oracle of Delphi.
    Level 8:
       A grave.
       Stairs up to Sokoban, level 7.
    Level 9:
       A temple and some altars to Kos, a fountain.
    Level 10:
       A very big room.
    Level 11:
       Some graves.
    Level 12:
       A grave.
    Level 13:
       Some altars, a grave.
    Level 14:
       A general store.
       Summoned by the Master of Thieves.
    Level 15:
       A general store, a grave.
    Level 16: <- You were here.
       A primitive area.
       Final resting place for
          you, turned to slime by a green slime.
    Level 17:
       Final resting place for
          aharbin-Wiz-Elf-Mal-Cha, killed by a silver dragon,
          benignrick-Val-Dwa-Fem-Law, killed by a leocrotta, while fainted from lack of food.
 The Gnomish Mines: levels 5 to 8
    Level 5:
       A grave.
       Final resting place for
          yeovil-Wiz-Hum-Mal-Neu, killed by a gnome.
    Level 6:
    Level 7:
    Level 8:
       Many shops, a temple and an altar to Kos, some fountains.
 Sokoban: levels 7 up to 4
    Level 4:
       Solved.
    Level 5:
       Solved.
    Level 6:
       Solved.
    Level 7:
       Solved.


Vanquished creatures:
  a captain
  a lich
 an Aleax
 an ettin
  a ghost
  4 giant mimics
  a zruty
  2 ice trolls
  a doppelganger
  4 large mimics
  a stalker
 an air elemental
 an earth elemental
  2 water elementals
  a giant zombie
  a sergeant
  3 wargs
  9 small mimics
  a glass piercer
  3 warhorses
  a xan
  2 ettin mummies
 an ogre leader
  2 quantum mechanics
  9 trolls
  2 gelatinous cubes
  2 pyrolisks
  a large dog
  a freezing sphere
  4 flaming spheres
  a shocking sphere
  a tiger
  a gargoyle
  3 tengu
  4 ochre jellies
  4 leocrottas
  a mountain centaur
 an elf mummy
  a human mummy
  a python
  a cobra
  a wraith
  3 carnivorous apes
 an ettin zombie
  a soldier
  2 watchmen
 an amorous demon
  2 chameleons
  2 giant beetles
  3 quivering blobs
  6 cockatrices
  a wolf
  9 winter wolf cubs
  2 panthers
 14 leprechauns
 an orc-captain
 an iron piercer
  3 giant spiders
  3 horses
  a black light
  2 vampire bats
  a gnome ruler
  a brown pudding
  a rust monster
  2 owlbears
  4 yetis
  2 gold golems
  a werewolf
  4 lizards
  a dingo
  a dog
  a housecat
  4 jaguars
  3 dwarf leaders
  4 ravens
  a snake
  5 apes
  2 human zombies
  a rope golem
  a fire ant
  5 wood nymphs
  3 mountain nymphs
 an orc shaman
  3 rock piercers
  5 rock moles
  3 ponies
  3 fog clouds
  6 yellow lights
  a shrieker
  3 violet fungi
  4 gnome leaders
  4 gnomish wizards
  2 kobold mummies
  a red naga hatchling
  a black naga hatchling
  a barrow wight
 an elf zombie
  a ghoul
  2 straw golems
  a baby crocodile
  9 giant ants
  2 little dogs
  3 floating eyes
  a kitten
  8 dwarves
  a homunculus
  a kobold leader
  a kobold shaman
 13 hill orcs
 14 rothes
  a rabid rat
  a centipede
  5 giant bats
  a monkey
 an orc zombie
  a dwarf zombie
  a wererat
  6 werejackals
  5 iguanas
  4 killer bees
  4 acid blobs
  a gas spore
  3 hobbits
  2 manes
  a large kobold
  4 hobgoblins
  7 giant rats
  2 cave spiders
  3 brown molds
  4 yellow molds
  a red mold
 29 gnomes
 19 garter snakes
  2 gnome zombies
 10 geckos
  6 jackals
  2 foxes
  2 kobolds
  3 goblins
  2 sewer rats
 12 grid bugs
  5 bats
  5 lichens
  5 kobold zombies
 10 newts
457 creatures vanquished.

No species were genocided or became extinct.

Game over:
                       ----------
                      /          \
                     /    REST    \
                    /      IN      \
                   /     PEACE      \
                  /                  \
                  |    Corncycle     |
                  |       0 Au       |
                  | turned to slime  |
                  | by a green slime |
                  |                  |
                  |                  |
                  |       2026       |
                 *|     *  *  *      | *
        _________)/\\_//(\/(/\)/\//\/|_)_______

Goodbye Corncycle the Rogue...

You turned into slime in The Dungeons of Doom on dungeon level 16 with 59508 points,
and 0 pieces of gold, after 18789 moves.
You were level 11 with a maximum of 103 hit points when you turned into slime.

